 Dungeon Crawl Stone Soup version 0.29-a0-219-g0a02b1cf4f (webtiles) character file.

Game seed: 7835053580292380278

59593 spaghetti the Slayer (level 14, 0/143 (155) HPs)
             Began as a Demonspawn Berserker on Feb 25, 2022.
             Was a Priest of Trog.
             Slain by an orc knight
             ... wielding a +3 great sword
              (29 damage)
             ... on level 2 of the Orcish Mines.
             The game lasted 00:42:37 (23459 turns).

spaghetti the Slayer (Demonspawn Berserker)        Turns: 23459, Time: 00:42:37

HP:   0/143 (155)   AC: 41    Str: 25    XL:     14   Next: 53%
MP:   23/23         EV:  9    Int: 12    God:    Trog [***...]
Gold: 2685          SH:  0    Dex: 13    Spells: 13/13 levels left

rFire   . . .      SeeInvis .   b - +5 dagger of Uncertain Death {freeze, *Slow MP+9 Str+4 Int+4, short}
rCold   . . .      Faith    +   (no shield)
rNeg    . . .      Spirit   .   k - +18 Lear's hauberk
rPois   +          Reflect  .   (helmet currently unavailable)
rElec   .          Harm     .   (cloak unavailable)
rCorr   .          Rampage  .   (gloves currently unavailable)
Will    +++..                   (boots currently unavailable)
Stlth   ..........              G - amulet of faith {!P}
HPRegen 1.33/turn               K - +4 ring of protection
MPRegen 0.18/turn               z - +4 ring of protection

@: strong-willed, on berserk cooldown, regenerating, slowed, drained, very slow
A: slimy green scales 3, powered by death 2, weakness stinger 3, dopey 1, robust
1
a: Renounce Religion, Berserk, Trog's Hand


You were on level 2 of the Orcish Mines.
You worshipped Trog.
Trog was most pleased with you.
You visited 3 branches of the dungeon, and saw 20 of its levels.
You also visited: Sewer.

You collected 2685 gold pieces.


Innate Abilities, Weirdness & Mutations

You are completely covered in slimy green scales. (AC +4, rPois)
You regenerate health from kills.
You have a sharp stinger which inflicts weakening toxins.
You are dopey. (Int -2)
You are robust. (+10% HP)


   Skills:
 + Level 22.7 Fighting
 - Level 9.8 Armour
 - Level 1.7 Dodging
 - Level 4.5 Unarmed Combat


You had 13 spell levels left.
You didn't know any spells.
Your spell library contained the following spells:

 Spells                   Type           Power      Damage    Failure   Level
 Slow                     Hex            0%         N/A       86%         1
 Blink                    Tloc           0%         N/A       94%         2
 Corpse Rot               Necr/Air       0%         N/A       94%         2
 Poisonous Vapours        Pois/Air       0%         N/A       94%         2
 Confusing Touch          Hex            0%         N/A       99%         3
 Dazzling Flash           Conj/Hex       0%         N/A       99%         3
 Stone Arrow              Conj/Erth      0%         3d7       99%         3
 Vampiric Draining        Necr           0%         2d6       99%         3
 Animate Armour           Summ/Erth      0%         N/A       100%        4
 Animate Dead             Necr           0%         N/A       100%        4
 Fulminant Prism          Conj/Hex       0%         3d6       100%        4
 Iskenderun's Mystic Bla  Conj/Tloc      0%         2d3       100%        4
 Leda's Liquefaction      Hex/Erth       0%         N/A       100%        4
 Passage of Golubria      Tloc           0%         N/A       100%        4
 Borgnjor's Vile Clutch   Necr/Erth      0%         N/A       100%        5
 Fireball                 Conj/Fire      0%         3d3       100%        5
 Iskenderun's Battlesphe  Conj           0%         2d6       100%        5
 Lee's Rapid Deconstruct  Erth           0%         3d5*      100%        5
 Manifold Assault         Tloc           0%         N/A       100%        5
 Silence                  Hex/Air        0%         N/A       100%        5
 Death Channel            Necr           0%         N/A       100%        6
 Iron Shot                Conj/Erth      0%         9d1       100%        6
 Starburst                Conj/Fire      0%         6d3       100%        6
 Statue Form              Tmut/Erth      0%         N/A       100%        6
 Spellforged Servitor     Conj/Summ      0%         N/A       100%        7
 Storm Form               Tmut/Air       0%         N/A       100%        7
 Ignition                 Fire           0%         3d3       100%        8
 Lehudib's Crystal Spear  Conj/Erth      0%         10d2      100%        8

Inventory:

Hand Weapons
 a - the +4 shortbow of Intuition {flame, rC+, bow}
   (You found it on level 3 of the Lair of Beasts)

   Any ammunition fired from it burns those it strikes, dealing additional fire
   damage.
   rC:        It protects you from cold.
 b - the +5 dagger of Uncertain Death (weapon) {freeze, *Slow MP+9 Str+4 Int+4, short}
   (You found it on level 3 of the Dungeon)

   It freezes those it strikes, dealing additional cold damage.
   It can also slow down cold-blooded creatures.
   Str:       It affects your strength (+4).
   Int:       It affects your intelligence (+4).
   MP:        It affects your magic capacity (+9).
   *Slow:     It may slow you when you take damage.
 d - the +8 dagger of Nauss {pain, rC+ Dex+5, forbiddenshort}
   (You found it on level 6 of the Lair of Beasts)

   In the hands of one skilled in necromantic magic, it inflicts extra damage on
   living creatures.
   Dex:       It affects your dexterity (+5).
   rC:        It protects you from cold.
   Trog disapproves of the use of such an item.
 q - the +7 war axe of Mastery {vorpal, Dex+3, axe}
   (You found it on level 5 of the Lair of Beasts)

   It inflicts extra damage upon your enemies.
   Dex:       It affects your dexterity (+3).
 t - a +4 long sword of flaming {long}
   (Trog gifted it to you on level 3 of the Lair of Beasts)
 P - a +5 morningstar {mace}
   (You took it off a wight on level 8 of the Dungeon)
Missiles
 e - 32 poisoned darts (quivered) {throwing}
 f - 112 stones {throwing}
 p - 3 curare-tipped darts {=fthrowing}
 w - 3 boomerangs {throwing}
 D - 5 atropa-tipped darts {throwing}
 F - 3 javelins {throwing}
 W - 3 throwing nets {=f!fthrowing}
Armour
 h - the +2 scale mail "Idiwn" {Drain rN+ Dex+4}
   (You took it off an orc on level 11 of the Dungeon)

   Dex:       It affects your dexterity (+4).
   rN:        It protects you from negative energy.
   Drain:     It drains your maximum health when unequipped.
 k - the +18 Lear's hauberk (worn)
   (You found it on level 2 of the Dungeon)
Jewellery
 c - an amulet of regeneration {@e2}
   (You found it on level 9 of the Dungeon)
 m - a ring of protection from fire
   (You found it on level 6 of the Lair of Beasts)
 z - a +4 ring of protection (right hand)
   (You found it on level 3 of the Lair of Beasts)
 A - the amulet "Cyser" {Acrobat rElec rN+ Dex+2}
   (You found it on level 4 of the Dungeon)

   [amulet of the acrobat]

   It increases your evasion while moving and waiting.
   Dex:       It affects your dexterity (+2).
   rElec:     It insulates you from electricity.
   rN:        It protects you from negative energy.
 C - a ring of wizardry
   (You found it on level 12 of the Dungeon)
 G - an amulet of faith (around neck) {!P}
   (You found it on level 11 of the Dungeon)
 K - a +4 ring of protection (left hand)
   (You found it on level 6 of the Dungeon)
 X - the ring "Cefysa" {Contam Fly rN+ Will+}
   (You found it on level 1 of the Lair of Beasts)

   [ring of flight]

   rN:        It protects you from negative energy.
   Fly:       It grants you flight.
   Contam:    It causes magical contamination when unequipped.
   Will:      It increases your willpower.
Wands
 g - a wand of iceblast (4)
   (You found it on level 11 of the Dungeon)
 i - a wand of acid (7)
   (You found it on level 11 of the Dungeon)
 y - a wand of digging (6)
   (You found it on level 5 of the Lair of Beasts)
 O - a wand of mindburst (6)
   (You found it on level 12 of the Dungeon)
 Q - a wand of flame (12)
   (You found it on level 12 of the Dungeon)
Scrolls
 j - 2 scrolls of torment {!r}
 l - 3 scrolls of magic mapping {!r}
 x - 3 scrolls of identify {@r1}
 B - 5 scrolls of silence {!r}
 E - a scroll of holy word {!r}
 H - 2 scrolls of immolation {!r!r}
 J - a scroll of vulnerability {!r!r}
 L - a scroll of enchant weapon
 N - 2 scrolls of fog
 R - 3 scrolls of enchant armour
Potions
 n - 10 potions of ambrosia
 o - 4 potions of might
 s - 4 potions of magic
 u - 2 potions of cancellation
 v - 9 potions of curing {@q1}
 I - a potion of mutation {!q}
 M - 2 potions of attraction {!q}
 S - a potion of lignification {!q}
 U - a potion of flight

Dungeon Overview and Level Annotations

Branches:
Dungeon (12/15)            Temple (0/1) D:4            Lair (6/6) D:10
 Shoals (0/4) Lair:2       Spider (0/4) Lair:4        Slime (0/5) Lair:6
    Orc (2/2) D:11            Elf (0/3) Orc:2         Sewer (visited)

Altars:
Cheibriados
Fedhas
Nemelex Xobeh
Okawaru
Ru
Trog
Uskayaw
Wu Jian
Yredelemnul
Beogh

Portals:
Trove: D:11 (give 13 scrolls of teleportation)

Annotations:
D:6 2 transporters
D:10 exclusion: oklob plant
D:11 3 runed translucent doors, DrKleor's ghost, journeyman DsFi
Lair:5 exclusion: oklob plant

...##............................
.###...#.........................
#####.###......................#.
..##..###........................
.##....#.......................#.
.#...............................
.....#...........................
..#...#..........{...............
..##.#...##....)@o...............
..#.............o................
...##..###########o###########...
..####)# ######o###### #...
.####.## #.....[.....### #...
####.## ...####.####oo.## ##.#
##.## #.# ###..## ### ##.## #.#
##o.# #.## #.# ##.#


You could see 2 orc knights, an orc high priest (strong) and an orc warrior
(strong).


Message History

The orc knight hits you with a +3 great sword!
The orc knight shoots a bolt.
The bolt hits you!! 😮 HP[-28]
You take 28 damage, and now have 128/214 hp.
You puncture the orc knight! You freeze the orc knight.
Something hits you but does no damage.
The orc knight roars a battlecry!
The orc knight shoots a bolt.
The bolt misses you. 😮 HP[+1]
You hit the orc knight. You freeze the orc knight.
Your punch misses the orc knight.
You hear some strange, mumbled words.
A puff of flame appears from out of thin air!
The puff of flame misses you.
The orc knight hits you with a +3 great sword!!
* * * LOW HITPOINT WARNING * * *
The orc knight shoots a bolt.
The bolt hits you!!
* * * LOW HITPOINT WARNING * * *
😨 HP[-47]
You take 47 damage, and now have 82/214 hp.
MASSIVE DAMAGE!! (PAUSE)
You closely miss the orc knight.
Your tail-slap misses the orc knight.
You are no longer berserk.
You are exhausted.
You feel as though you will be slow longer.
Something hits you but does no damage.
The orc knight hits you with a +3 great sword!
* * * LOW HITPOINT WARNING * * *
The orc knight shoots a bolt.
The bolt barely misses you. 😨 HP[-43]
You now have 143 max hp (-71).
You hit the orc knight but do no damage.
The orc knight no longer looks unusually strong.
You hear some strange, mumbled words.
Something tries to affect you, but you resist.
The orc knight hits you with a +3 great sword!
* * * LOW HITPOINT WARNING * * *
The orc knight shoots a bolt.
The bolt hits you but does no damage. Something hits you but does no damage.
The orc knight closely misses you. 😱 HP[-8]
You take 8 damage, and now have 31/143 hp.
You feel much better.
The orc knight roars a battlecry!
The orc knight goes into a battle-frenzy!
Something hits you but does no damage.
The orc knight hits you but does no damage.
The orc knight shoots a bolt.
The bolt hits you but does no damage. 😨 HP[+21]
You regained 21 hp, and now have 52/143 hp.
Unknown command.
Your skin crawls.
You feel strong-willed.
The orc knight no longer looks unusually strong.
The orc knight is no longer weakened.
Something hits you but does no damage.
The orc knight hits you with a +3 great sword!
* * * LOW HITPOINT WARNING * * *
The orc knight roars a battlecry!
Something hits you but does no damage.
The orc knight closely misses you. 😨 HP[-13]
You take 13 damage, and now have 39/143 hp.
Unknown command.
You feel much better. Something hits you but does no damage.
The orc knight hits you with a +3 great sword!!
* * * LOW HITPOINT WARNING * * *
The orc warrior hits you but does no damage. 😱 HP[-6]
You take 6 damage, and now have 33/143 hp.
Unknown command.
Okay, then.
Okay, then.
Okay, then.
Okay, then.
You feel much better. Something hits you but does no damage.
The orc knight unwields a +0 arbalest.
The orc knight wields a +1 dire flail of protection.
The orc knight hits you with a +1 dire flail of protection.
* * * LOW HITPOINT WARNING * * *
The orc knight roars a battlecry!
The orc knight goes into a battle-frenzy!
An orc high priest comes into view. It is wielding a +0 long sword.
The orc warrior hits you but does no damage.
Something hits you but does no damage.
The orc knight hits you but does no damage. 😨 HP[+25]
You regained 25 hp, and now have 58/143 hp.
Okay, then.
Okay, then.
Hit: b) +5 dagger of Uncertain Death {freeze, *Slow MP+9 Str+4 Int+4, short}
Press: ? - help, Dir - move target, f - orc knight
Aim: an orc knight, wielding a +1 dire flail of protection and wearing a +0 plate armour (strong, about 25% to evade the +5 dagger of Uncertain Death)
Okay, then.
Okay, then.
You hit the orc knight but do no damage.
The orc knight hits you with a +1 dire flail of protection!!
* * * LOW HITPOINT WARNING * * *
The orc warrior hits you from afar with a +0 halberd!
* * * LOW HITPOINT WARNING * * *
Something completely misses you.
The orc knight hits you with a +3 great sword!!
You die...

Skill      XL: |  1  2  3  4  5  6  7  8  9 10 11 12 13 14 |
---------------+-------------------------------------------+-----
Unarmed Combat | 3 4 |  4.5
Fighting       | 4 5 7 9 11 13 16 18 21 22 | 22.7
Armour         | 2 4 6 8 9 |  9.8
Dodging        | |  1.7

Action                   |  1- 3 |  4- 6 |  7- 9 | 10-12 | 13-15 || total
-------------------------+-------+-------+-------+-------+-------++-------
Melee: Unarmed           |   185 |   194 |       |       |       ||   379
       Punch             |     5 |     3 |     9 |    43 |    88 ||   148
       Tailslap          |       |    25 |    52 |   218 |   404 ||   699
       Dagger            |       |     9 |   362 |  1163 |  1767 ||  3301
 Fire: Shortbow          |       |       |       |       |     4 ||     4
Invok: Berserk           |     3 |     3 |     7 |    16 |    23 ||    52
       Trog's Hand       |     1 |       |       |       |     4 ||     5
       Brothers in Arms  |       |       |       |     2 |     8 ||    10
Evoke: Wand              |       |       |       |       |     4 ||     4
  Use: Potion            |     3 |     1 |     1 |     2 |    11 ||    18
       Scroll            |       |       |    14 |     9 |     8 ||    31
 Stab: Petrified         |       |       |       |       |     6 ||     6
       Invisible         |       |       |       |       |     2 ||     2
Armor: Animal skin       |    26 |       |       |       |       ||    26
       Chain mail        |    83 |   122 |   289 |  1584 |  2295 ||  4373
Dodge: Dodged            |    82 |    72 |   158 |   913 |  1214 ||  2439

Levels and vault maps discovered:
D:1:      psy_arrival_statuary, layout_basic, hellmonk_ecumenical_altar_zigzags
D:2:      layout_loops_ring
D:3:      layout_loops_ring, cheibrodos_sewer_entry_sluice, serial_glass,
          glass_columns_a, glass_columns_a, glass_columns_a, glass_columns_a,
          glass_columns_c, glass_columns_a, minmay_strange_pillars,
          feat_on_display, feat_on_display, feat_on_display, minmay_rat_hole,
          uniq_jessica, uniq_robin
D:4:      layout_basic, overflow_temple_1_default, minmay_temple_entry_mist,
          uniq_blork_the_orc, uniq_ijyb
D:5:      kennysheep_six_static_rooms, layout_basic
D:6:      gammafunk_cloud_chamber, layout_basic, lemuel_tele_altar,
          mainiacjoe_overflow_concentric_impassable, lemuel_round_altar,
          uniq_pikel, uniq_grinder, uniq_menkaure
D:7:      layout_loops_ring, mainiacjoe_overflow_catwalk,
          sigmund_edmund_badplayer
D:8:      layout_cave_pods
D:9:      layout_loops_ring, mainiacjoe_overflow_six_doors_small
D:10:     layout_basic, nicolae_uskayaw_murder_on_the_dancefloor, tgw_fedhas,
          david_lair_generic, nicolae_elevator_lobby_plus, uniq_nergalle,
          uniq_maggie, uniq_erolcha
D:11:     layout_irregular_city, david_orc_3, nicolae_trove_entry_crossroad,
          gammafunk_ghost_spectres, uniq_snorg, uniq_gastronok, uniq_josephine
D:12:     layout_rooms, kennysheep_generic_room_10
Lair:1:   layout_loops_ring, minivault_27, uniq_harold
Lair:2:   layout_gridlike, shoals_dummy_entry, serial_bayou_pond_b,
          serial_bayou_shore_a
Lair:3:   layout_cave_pods, special_room [special_room_bee],
          infiniplex_staircase_pool_2
Lair:4:   layout_roguey, spider_nest_entry_funnel_web
Lair:5:   minmay_lair_oklob_tunnel, layout_long_grid,
          cheibrodos_lair_caveside_slide
Lair:6:   grunt_lair_end_beastmaster, layout_loops_ring,
          nicolae_slime_entry_slimehenge, nzn_masters_of_martial_movement,
          grunt_megastairs_5, serial_bayou_shore_b, lemuel_fruit_tree
Orc:1:    layout_diamond_mine, basic_altar
Orc:2:    st_orc_elflike, layout_diamond_mine, basic_altar,
          gauntlet_entry_generic

Notes
Turn   | Place    | Note
-------+----------+-------------------------------------------
     0 | D:1      | spaghetti the Demonspawn Berserker began the quest for the
                  | Orb.
     0 | D:1      | Reached XP level 1. HP: 18/18 MP: 1/1
     0 | D:1      | magus.rc [v1.9.6]
   105 | D:1      | Reached skill level 3 in Unarmed Combat
   357 | D:1      | Found a faded altar of an unknown god.
   366 | D:1      | Gained mutation: You are partially covered in slimy green
                  | scales. (AC +2) [demonic ancestry]
   366 | D:1      | Reached XP level 2. HP: 24/24 MP: 2/2
  1132 | D:2      | Found the +18 Lear's hauberk
  1229 | D:2      | Reached XP level 3. HP: 25/29 MP: 3/3
  1487 | D:2      | Reached skill level 4 in Unarmed Combat
  1864 | D:3      | Reached ** piety under Trog
  2049 | D:3      | Gained mutation: You have a small tail. [demonic ancestry]
  2049 | D:3      | Reached XP level 4. HP: 13/35 MP: 4/4
  2049 | D:3      | HP: 13/52 [poisoned by a kobold]
  2169 | D:3      | Found a glowing drain.
  2179 | Sewer    | Entered a sewer
  2216 | Sewer    | Noticed a kobold brigand
  2216 | Sewer    | Noticed a kobold brigand
  2229 | Sewer    | Killed a kobold brigand
  2230 | Sewer    | Reached skill level 4 in Fighting
  2230 | Sewer    | Gained mutation: You have a tail ending in a sharp stinger.
                  | [demonic ancestry]
  2230 | Sewer    | Reached XP level 5. HP: 42/42 MP: 5/5
  2528 | Sewer    | Reached skill level 5 in Fighting
  2712 | Sewer    | Reached XP level 6. HP: 45/51 MP: 6/6
  2781 | Sewer    | Reached skill level 6 in Fighting
  3412 | D:3      | Identified the +5 dagger of Uncertain Death {freeze, *Slow
                  | MP+9 Str+4 Int+4}
  3491 | D:3      | Reached skill level 7 in Fighting
  3491 | D:3      | Reached skill level 2 in Armour
  3491 | D:3      | Gained mutation: You are mostly covered in slimy green
                  | scales. (AC +3) [demonic ancestry]
  3491 | D:3      | Reached XP level 7. HP: 60/60 MP: 7/7
  3500 | D:3      | Noticed Robin
  3508 | D:3      | Reached *** piety under Trog
  3528 | D:3      | Killed Robin
  3567 | D:3      | Noticed Jessica
  3571 | D:3      | Killed Jessica
  4206 | D:4      | Found a basalt altar of Yredelemnul.
  4317 | D:4      | Noticed Blork the orc
  4327 | D:4      | Reached skill level 3 in Armour
  4338 | D:4      | Killed Blork the orc
  4452 | D:4      | Noticed Ijyb
  4459 | D:4      | Killed Ijyb
  4466 | D:4      | Identified the amulet "Cyser" {Acrobat rElec rN+ Dex+2}
  4623 | D:4      | Found a staircase to the Ecumenical Temple.
  4775 | D:4      | You fall into a shaft and drop 1 floor!
  4775 | D:5      | Entered Level 5 of the Dungeon
  4871 | D:5      | Reached skill level 4 in Armour
  5045 | D:5      | Reached XP level 8. HP: 68/68 MP: 8/8
  5065 | D:5      | Reached skill level 8 in Fighting
  5208 | D:5      | Reached **** piety under Trog
  5209 | D:5      | Reached skill level 5 in Armour
  5612 | D:5      | Reached skill level 9 in Fighting
  5619 | D:5      | Reached skill level 6 in Armour
  5630 | D:5      | Gained mutation: You regenerate a little health from kills.
                  | [demonic ancestry]
  5630 | D:5      | Reached XP level 9. HP: 36/77 MP: 9/9
  5980 | D:6      | Noticed Pikel
  5987 | D:6      | Killed Pikel
  5988 | D:6      | Reached skill level 10 in Fighting
  6057 | D:6      | Found an iron altar of Okawaru.
  6076 | D:6      | Reached skill level 7 in Armour
  6138 | D:6      | Found a snail-covered altar of Cheibriados.
  6160 | D:6      | Found a sacrificial altar of Ru.
  6573 | D:6      | Found a transporter.
  6981 | D:6      | Found a transporter.
  7039 | D:6      | Noticed Menkaure
  7048 | D:6      | Killed Menkaure
  7306 | D:6      | Noticed Grinder
  7323 | D:6      | Killed Grinder
  7324 | D:6      | Reached skill level 8 in Armour
  7626 | D:7      | Reached skill level 11 in Fighting
  7744 | D:7      | Gained mutation: You regenerate health from kills. [demonic
                  | ancestry]
  7744 | D:7      | Reached XP level 10. HP: 66/79 MP: 10/10
  7854 | D:7      | Found a sparkling altar of Nemelex Xobeh.
  8207 | D:7      | Noticed Edmund
  8221 | D:7      | Killed Edmund
  8236 | D:7      | Noticed Sigmund
  8239 | D:7      | Killed Sigmund
  8690 | D:8      | Reached skill level 9 in Armour
  9319 | D:8      | Reached skill level 12 in Fighting
  9657 | D:9      | You pick up a book of the Earth {forbidden} and begin
                  | reading...
  9657 | D:9      | You add the spells Leda's Liquefaction, Lee's Rapid
                  | Deconstruction and Statue Form to your library.
 10098 | D:9      | Noticed a two-headed ogre
 10107 | D:9      | Killed a two-headed ogre
 10265 | D:9      | You pick up a book of Fire {forbidden} and begin reading...
 10265 | D:9      | You add the spells Fireball, Starburst and Ignition to your
                  | library.
 10342 | D:9      | Found a bloodstained altar of Trog.
 10468 | D:10     | Entered Level 10 of the Dungeon
 10592 | D:10     | Found a staircase to the Lair.
 10610 | D:10     | Reached skill level 13 in Fighting
 10621 | D:10     | Reached XP level 11. HP: 98/98 MP: 11/11
 10788 | D:10     | Noticed a two-headed ogre
 10803 | D:10     | Killed a two-headed ogre
 10824 | D:10     | Noticed Erolcha
 10842 | D:10     | Killed Erolcha
 10936 | D:10     | Found a hide-covered altar of Uskayaw.
 10939 | D:10     | Noticed a two-headed ogre
 10948 | D:10     | Killed a two-headed ogre
 10949 | D:10     | Reached skill level 14 in Fighting
 10967 | D:10     | Noticed Maggie
 10988 | D:10     | Killed Maggie
 11044 | D:10     | Noticed Nergalle
 11071 | D:10     | Killed Nergalle
 11144 | D:10     | You pick up a book of Vapours {forbidden} and begin
                  | reading...
 11144 | D:10     | You add the spells Poisonous Vapours and Corpse Rot to your
                  | library.
 11251 | D:10     | Found a blossoming altar of Fedhas.
 11271 | D:10     | Noticed an oklob plant
 11336 | D:10     | You pick up a book of Blasting {forbidden} and begin
                  | reading...
 11336 | D:10     | You add the spells Fulminant Prism and Iskenderun's Mystic
                  | Blast to your library.
 11344 | D:10     | You pick up a book of Debilitation {forbidden} and begin
                  | reading...
 11344 | D:10     | You add the spells Slow, Vampiric Draining and Confusing
                  | Touch to your library.
 11987 | Lair:1   | Entered Level 1 of the Lair of Beasts
 11987 | Lair:1   | Noticed an eight-headed hydra
 11998 | Lair:1   | Killed an eight-headed hydra
 12009 | Lair:1   | Reached skill level 15 in Fighting
 12098 | Lair:1   | Reached ***** piety under Trog
 12121 | Lair:1   | Noticed Harold
 12196 | Lair:1   | Killed Harold
 12197 | Lair:1   | Reached skill level 16 in Fighting
 12311 | Lair:1   | Noticed a four-headed hydra
 12322 | Lair:1   | Killed a four-headed hydra
 12323 | Lair:1   | Gained mutation: You have a sharp stinger which inflicts
                  | weakening toxins. [demonic ancestry]
 12323 | Lair:1   | Reached XP level 12. HP: 100/111 MP: 12/12
 12386 | Lair:1   | Identified the ring "Cefysa" {Contam Fly rN+ Will+}
 12390 | Lair:1   | Noticed a six-headed hydra
 12408 | Lair:1   | Killed a six-headed hydra
 12417 | Lair:1   | You add the spells Blink, Manifold Assault and Storm Form
                  | to your library.
 12452 | Lair:1   | Gained mutation: Your mind is acute. (Int +2) [potion of
                  | mutation]
 12452 | Lair:1   | Gained mutation: You are frail. (-10% HP) [potion of
                  | mutation]
 12453 | Lair:1   | Lost mutation: You are frail. (-10% HP) [potion of
                  | mutation]
 12453 | Lair:1   | Lost mutation: Your mind is acute. (Int +2) [potion of
                  | mutation]
 12453 | Lair:1   | Gained mutation: You are dopey. (Int -2) [potion of
                  | mutation]
 12453 | Lair:1   | Gained mutation: You are robust. (+10% HP) [potion of
                  | mutation]
 12523 | Lair:1   | You pick up a book of Debilitation {forbidden} and begin
                  | reading...
 12782 | Lair:1   | You fall into a shaft and drop 1 floor!
 13306 | Lair:2   | You pick up a book of Armaments {forbidden} and begin
                  | reading...
 13306 | Lair:2   | You add the spells Stone Arrow, Animate Armour and
                  | Lehudib's Crystal Spear to your library.
 13370 | Lair:2   | Found a staircase to the Shoals.
 13449 | Lair:2   | Reached skill level 17 in Fighting
 13630 | Lair:3   | Noticed an eight-headed hydra
 13643 | Lair:3   | Killed an eight-headed hydra
 14054 | Lair:3   | Identified the +4 shortbow of Intuition {flame, rC+}
 14467 | Lair:3   | Received a gift from Trog
 14783 | Lair:4   | Reached skill level 18 in Fighting
 14877 | Lair:4   | Noticed a five-headed hydra
 14896 | Lair:4   | Killed a five-headed hydra
 15366 | Lair:4   | Found a hole to the Spider Nest.
 15976 | Lair:5   | Reached XP level 13. HP: 136/136 MP: 13/13
 15997 | Lair:5   | Reached skill level 19 in Fighting
 16042 | Lair:5   | You pick up a book of Power {forbidden} and begin
                  | reading...
 16042 | Lair:5   | You add the spells Iskenderun's Battlesphere, Iron Shot and
                  | Spellforged Servitor to your library.
 16213 | Lair:5   | Identified the +7 war axe of Mastery {vorpal, Dex+3}
 16967 | Lair:6   | Entered Level 6 of the Lair of Beasts
 17251 | Lair:6   | Found an ornate altar of the Wu Jian Council.
 17251 | Lair:6   | Found a hide-covered altar of Uskayaw.
 17396 | Lair:6   | You pick up a book of Spectacle {forbidden} and begin
                  | reading...
 17453 | Lair:6   | Reached skill level 20 in Fighting
 17622 | Lair:6   | Identified a scroll of acquirement
 17622 | Lair:6   | Acquired 677 gold pieces
 18346 | Lair:6   | Reached skill level 21 in Fighting
 18699 | Lair:6   | You pick up a book of the Moon {forbidden} and begin
                  | reading...
 18699 | Lair:6   | You add the spells Passage of Golubria and Silence to your
                  | library.
 18700 | Lair:6   | Identified the +8 dagger of Nauss {pain, rC+ Dex+5}
 18975 | Lair:6   | Gained mutation: You are completely covered in slimy green
                  | scales. (AC +4, rPois) [demonic ancestry]
 18975 | Lair:6   | Reached XP level 14. HP: 151/151 MP: 14/14
 19117 | Lair:6   | Found a staircase to the Slime Pits.
 19143 | Lair:6   | You pick up a book of Unlife {forbidden} and begin
                  | reading...
 19143 | Lair:6   | You add the spells Animate Dead, Borgnjor's Vile Clutch and
                  | Death Channel to your library.
 19745 | D:11     | Found a runed translucent gate.
 19745 | D:11     | Found a runed translucent gate.
 19745 | D:11     | Found a runed translucent gate.
 19746 | D:11     | Noticed DrKleor's ghost (journeyman DsFi)
 19901 | D:11     | Noticed Gastronok
 19930 | D:11     | Killed Gastronok
 19979 | D:11     | Noticed Josephine
 19989 | D:11     | Killed Josephine
 20245 | D:11     | Noticed Snorg
 20264 | D:11     | Killed Snorg
 20265 | D:11     | Reached skill level 22 in Fighting
 20288 | D:11     | Identified the +2 scale mail "Idiwn" {Drain rN+ Dex+4}
 20436 | D:11     | Found a staircase to the Orcish Mines.
 20560 | D:11     | Found a portal to a secret trove of treasure.
 20574 | D:11     | This trove needs 13 scrolls of teleportation to function.
                  | Give it the items?
 20776 | Orc:1    | Entered Level 1 of the Orcish Mines
 20790 | Orc:1    | Identified a +2 robe of the Archmagi
 21563 | D:12     | HP: 37/155 [something (16)]
 22254 | Orc:2    | Entered Level 2 of the Orcish Mines
 22322 | Orc:2    | Found a staircase to the Elven Halls.
 22371 | Orc:2    | Found a gate leading to a gauntlet.
 22994 | Orc:2    | Paralysed by an orc sorcerer for 3 turns
 23393 | Orc:2    | Paralysed by an orc sorcerer for 5 turns
 23454 | Orc:2    | HP: 31/143 [orc knight/+3 great sword (8)]
 23459 | Orc:2    | HP: 29/143 [orc warrior/+0 halberd (7)]
 23459 | Orc:2    | Slain by an orc knight

Vanquished Creatures
  Gastronok (D:11)
  Snorg (D:11)
  Josephine (D:11)
  Erolcha (D:10)
  8 hydras
  Harold (Lair:1)
  2 boulder beetles
  2 catoblepae (Lair:6)
  5 two-headed ogres
  A deep troll shaman (Lair:6)
  6 death yaks (Lair:6)
  Nergalle (D:10)
  2 orc high priests (Orc:2)
  A lindwurm (Lair:6)
  Pikel (D:6)
  4 orc sorcerers
  A cyclops (D:11)
  An ugly thing (D:12)
  5 black mambas
  12 elephants
  2 rime drakes
  7 cane toads
  An unseen horror (D:12)
  Maggie (D:10)
  7 komodo dragons
  2 kobold demonologists
  2 polar bears (Lair:6)
  4 trolls
  A queen bee (Lair:3)
  14 blink frogs
  Grinder (D:6)
  Sigmund (D:7)
  3 wyverns
  39 yaks
  A vampire (D:12)
  2 basilisks
  2 wraiths (D:11)
  2 redbacks (Lair:4)
  A steam dragon (D:9)
  Menkaure (D:6)
  Edmund (D:7)
  3 wargs
  11 water moccasins
  10 orc warriors
  2 sky beasts
  2 black bears
  2 ice beasts
  3 necrophages
  3 ogres
  31 wolves
  7 centaurs
  2 phantoms
  5 kobold brigands (Sewer)
  8 bullfrogs
  Blork the orc (D:4)
  A scorpion (D:4)
  26 killer bees (Lair:3)
  16 wights
  2 electric eels (Lair:2)
  3 howler monkeys
  6 hounds
  A gnoll shaman (D:6)
  7 orc priests
  6 jellies
  An iguana (D:6)
  Jessica (D:3)
  10 orc wizards
  9 hell rats (Lair:6)
  Ijyb (D:4)
  Robin (D:3)
  3 gnolls (D:6)
  5 adders
  3 river rats (Sewer)
  2 white imps
  An ufetubus (D:6)
  4 worms
  2 dart slugs (D:2)
  36 orcs
  9 ball pythons
  9 endoplasms
  8 giant cockroaches
  18 goblins
  10 hobgoblins
  4 jackals (D:1)
  10 kobolds
  8 quokkas
  7 bats
  2 frilled lizards
  28 rats
502 creatures vanquished.

Vanquished Creatures (collateral kills)
  An orc knight (Orc:1)
  An ugly thing (D:11)
  An orc sorcerer (Orc:1)
  3 cane toads
  A kobold demonologist (D:11)
  A komodo dragon (Lair:4)
  3 yaks (Lair:5)
  3 wraiths (D:11)
  A hell rat (Lair:6)
  3 kobolds (D:11)
18 creatures vanquished.

Vanquished Creatures (others)
  2 orc priests (Orc:2)
  2 bushes (Lair:6)
  43 fungi
  41 plants
  11 toadstools (D:10)
99 creatures vanquished.

Grand Total: 619 creatures vanquished

Table legend:
 A = Non-vault XP
 B = Vault XP
 C = Vault XP percentage of total XP
 D = Non-vault monster count
 E = Vault monster count
 F = Vault count percentage of total count
                 A         B        C        D         E       F
            +---------+---------+-------+---------+---------+-------
      Total |   54503 |   30630 |  36.0 |     341 |     179 |  34.4
            +---------+---------+-------+---------+---------+-------
        D:1 |      29 |       0 |   0.0 |      16 |       0 |   0.0
        D:2 |      36 |       0 |   0.0 |      18 |       0 |   0.0
        D:3 |     218 |     100 |  31.4 |      28 |      36 |  56.2
        D:4 |      97 |     124 |  56.1 |       9 |       2 |  18.2
        D:5 |    1348 |     428 |  24.1 |      17 |       6 |  26.1
        D:6 |     911 |    1061 |  53.8 |      20 |       3 |  13.0
        D:7 |    1369 |     389 |  22.1 |      20 |       2 |   9.1
        D:8 |    1436 |       0 |   0.0 |      21 |       0 |   0.0
        D:9 |    1207 |       0 |   0.0 |       4 |       0 |   0.0
       D:10 |    3594 |    2779 |  43.6 |      15 |       7 |  31.8
       D:11 |    4203 |    4649 |  52.5 |      24 |      17 |  41.5
       D:12 |    3140 |       0 |   0.0 |      10 |       0 |   0.0
     Lair:1 |    6349 |     863 |  12.0 |      24 |       1 |   4.0
     Lair:2 |    3326 |       0 |   0.0 |      17 |       0 |   0.0
     Lair:3 |    2849 |    1914 |  40.2 |       7 |      27 |  79.4
     Lair:4 |    6406 |     366 |   5.4 |      18 |       2 |  10.0
     Lair:5 |    5599 |     382 |   6.4 |      19 |       1 |   5.0
     Lair:6 |   10640 |   12178 |  53.4 |      45 |      34 |  43.0
      Orc:1 |    1182 |    1110 |  48.4 |       6 |       2 |  25.0
      Orc:2 |     564 |    3700 |  86.8 |       3 |      11 |  78.6
      Sewer |       0 |     587 | 100.0 |       0 |      28 | 100.0
            +---------+---------+-------+---------+---------+-------

Illustrated notes

Table legend:
 A = Kills in this place as a percentage of kills in entire the game.
 B = Kills by you in this place as a percentage of kills by you in the entire game.
 C = Kills by friends in this place as a percentage of kills by friends in the entire game.
 D = Other kills in this place as a percentage of other kills in the entire game.
 E = Experience gained in this place as a percentage of experience gained in the entire game.
 F = Experience gained in this place divided by the number of levels of this place that you have seen.
                   A       B       C       D       E      F
               +-------+-------+-------+-------+-------+----------------------
         Total | 100.0 | 100.0 | 100.0 |   N/A | 100.0 | 4054.0
       Dungeon |  52.9 |  53.2 |  44.4 |   N/A |  31.9 | 2259.8
          Lair |  37.5 |  37.3 |  44.4 |   N/A |  59.8 | 8478.7
  Orcish Mines |   4.2 |   4.0 |  11.1 |   N/A |   7.7 | 3278.0
         Sewer |   5.4 |   5.6 |   0.0 |   N/A |   0.7 | 587.0
               +-------+-------+-------+-------+-------+----------------------

Table legend: (Time is in decaauts)
 A = Elapsed time spent in this place.
 B = Non-inter-level travel time spent in this place.
 C = Inter-level travel time spent in this place.
 D = Time resting spent in this place.
 E = Time spent auto-exploring this place.
 F = Levels seen in this place.
 G = Mean time per level.
                   A        B        C        D        E       F      G
               +--------+--------+--------+--------+--------+-----+--------+
         Total |  24115 |  23328 |    787 |   4201 |  13514 |  21 | 1148.3 |
       Dungeon |  13687 |  13274 |    413 |   2409 |   8309 |  12 | 1140.6 |
          Lair |   7634 |   7314 |    320 |   1063 |   3882 |   6 | 1272.3 |
  Orcish Mines |   1410 |   1357 |     53 |    391 |    602 |   2 |  705.0 |
         Sewer |   1382 |   1382 |      0 |    337 |    721 |   1 | 1382.0 |
               +--------+--------+--------+--------+--------+-----+--------+

Top non-repeatable levels by time:
  Lair:6: 2342 daAuts
     D:6: 1612 daAuts
    D:10: 1589 daAuts
    D:11: 1571 daAuts
   Sewer: 1382 daAuts
  Lair:3: 1319 daAuts
     D:5: 1216 daAuts
     D:3: 1167 daAuts
    D:12: 1149 daAuts
  Lair:5: 1142 daAuts
  Lair:4: 1133 daAuts
     D:8: 1121 daAuts
     D:1: 1120 daAuts
     D:7: 1011 daAuts
   Orc:2: 868 daAuts
